 Dungeon Crawl Stone Soup version 0.20.1-1-g8b1a95d66d (console) character file.

11559 feeb the Cleaver (level 11, -10/106 HPs)
             Began as a Minotaur Fighter on Nov 19, 2017.
             Was a Believer of Qazlal.
             Mangled by Sonja
             ... wielding a +0 dagger of distortion
              (12 damage)
             ... on level 10 of the Dungeon on Dec 3, 2017.
             The game lasted 00:55:39 (11780 turns).

feeb the Cleaver (Minotaur Fighter)                Turns: 11780, Time: 00:55:39

Health: -10/106    AC: 16    Str: 25    XL:     11   Next: 50%
Magic:  10/10      EV:  9    Int: 11    God:    Qazlal [**....]
Gold:   596        SH: 13    Dex: 11    Spells: 10/10 levels left

rFire    . . .     SeeInvis .   a - +0 war axe (protect)
rCold    + . .     Gourm    .   c - +0 shield
rNeg     . . .     Faith    .   j - +0 chain mail
rPois    .         Spirit   .   (helmet restricted)
rElec    .         Reflect  .   (no cloak)
rCorr    .         Harm     .   i - +0 pair of gloves
MR       .....                  e - +2 pair of boots
Stlth    ..........             p - amulet of Lesser Demons {RegenMP Str+2 Int+6}
Regen    0.3/turn               z - ring of protection from cold
MPRegen  0.2/turn               D - +3 ring of evasion

@: slowed, very slow
A: retaliatory headbutt, horns 2
a: Upheaval, Renounce Religion


You were on level 10 of the Dungeon.
You worshipped Qazlal.
Qazlal was pleased with you.
You were not hungry.

You visited 2 branches of the dungeon, and saw 11 of its levels.

You collected 596 gold pieces.

Inventory:

Hand Weapons
 a - a +0 war axe of protection (weapon)
Armour
 b - a +0 scale mail
 c - a +0 shield (worn)
 e - a +2 pair of boots (worn)
 i - a +0 pair of gloves (worn)
 j - a +0 chain mail (worn)
Jewellery
 p - the amulet of Lesser Demons (around neck) {RegenMP Str+2 Int+6}
   (You found it on level 4 of the Dungeon)

   [amulet of magic regeneration]

   It increases your magic regeneration.
   It affects your strength (+2).
   It affects your intelligence (+6).
 r - an uncursed ring of stealth
 z - a ring of protection from cold (left hand)
 D - a +3 ring of evasion (right hand)
Wands
 k - a wand of clouds (4/9)
 n - a wand of lightning (14/15)
 q - a wand of polymorph (6/24)
 v - a wand of random effects (20/48)
 G - a wand of lightning (7/15)
Scrolls
 m - 5 scrolls of teleportation
 s - a scroll of blinking
 t - 2 scrolls of identify
 u - 4 scrolls of remove curse
 y - a scroll of brand weapon
 C - 3 scrolls of enchant armour
 F - 2 scrolls of fog {unknown}
 H - a scroll of recharging
Potions
 d - 2 potions of might
 g - 3 potions of brilliance
 o - 2 potions of degeneration
 w - a potion of magic
 x - a potion of flight
 A - a potion of curing
 I - a potion of cancellation
Books
 l - a book of Callings

   Spells                             Type                      Level
   a - Summon Small Mammal            Summoning                    1
   b - Call Imp                       Summoning                    2
   c - Call Canine Familiar           Summoning                    3
   d - Summon Guardian Golem          Hexes/Summoning              3
   e - Summon Lightning Spire         Summoning/Air                4
   f - Summon Ice Beast               Ice/Summoning                4
 E - a book of Air

   Spells                             Type                      Level
   a - Shock                          Conjuration/Air              1
   b - Swiftness                      Charms/Air                   2
   c - Static Discharge               Conjuration/Air              3
   d - Airstrike                      Air                          4
   e - Lightning Bolt                 Conjuration/Air              5
Comestibles
 f - 5 bread rations
 h - 8 royal jellies
 B - 3 meat rations
 J - 8 chunks of flesh


   Skills:
 * Level 12.8 Fighting
 + Level 14.5 Axes
 + Level 10.2 Armour
 - Level 4.4 Shields


You had 10 spell levels left.
You didn't know any spells.

Dungeon Overview and Level Annotations

Branches:
Dungeon (10/15)            Temple (1/1) D:4            Lair (0/6) D:9
    Orc: D:9-12

Altars:
Ashenzari
Cheibriados
Dithmenos
Elyvilon
Fedhas
Gozag
Hepliaklqana
Kikubaaqudgha
Makhleb
Nemelex Xobeh
Okawaru
Qazlal
Ru
Sif Muna
Trog
Uskayaw
Vehumet
Xom
Yredelemnul
Zin
The Shining One

Annotations:
D:10 Sonja


Innate Abilities, Weirdness & Mutations

You reflexively headbutt those who attack you in melee.
You have a pair of horns on your head.


Message History

Found a ruby potion.
A leopard gecko comes into view.
The leopard gecko hisses angrily.
Found a plate armour.
You slice the leopard gecko!!
Your weapon exudes an aura of protection.
You kill the leopard gecko!
Qazlal accepts your kill.
Sonja shouts, "Hah!
Missed me again!"
Sonja closely misses you. Sonja hits you but does no damage.
Space bends around you.
* * * LOW HITPOINT WARNING * * *
Sonja closely misses you.
There is a stone staircase leading up here.
Okay, then.
You closely miss Sonja.
Sonja is lightly wounded.
Sonja hits you with an uncursed dagger of distortion.
* * * LOW HITPOINT WARNING * * *
Space warps horribly around you!
You die...

#.......##.##..##
##.....>......###
#.#.#..###......
...####....#...###.....
............##..........
..#.........##.####.....
#..............#.....(##
#..................#[..
#.[....................
#...........##.###....
#....@K....# .# #....
##....####ยง........#
#.... ..
.................>.. #.
####........###...##
.####.#######........#
..## #
.......[...##.#........
....F.........#.#.##.###
.....l.......##!#.# .#
.............#
.<...........#
.............#


You could see Sonja.

Vanquished Creatures
  Erica (D:8)
  3 two-headed ogres
  An unseen horror (D:10)
  The ghost of endorz the Grappler, a novice TrMo of Nemelex Xobeh (D:9)
  Pikel (D:8)
  A komodo dragon (D:9)
  2 trolls
  A hippogriff (D:10)
  The ghost of MondaySad the Sneak, an amateur SpEn (D:3)
  4 hogs (D:8)
  A human (D:8)
  Grum (D:10)
  Duvessa (D:7)
  A water moccasin (D:8)
  2 phantoms (D:5)
  2 sky beasts (D:8)
  5 ice beasts
  A slave (D:8)
  2 black bears
  9 ogres
  4 centaurs
  3 wolves (D:9)
  A big kobold (D:7)
  A crocodile (D:8)
  A bullfrog (D:8)
  Dowan (D:7)
  4 scorpions
  6 killer bees (D:8)
  A water moccasin skeleton (D:8)
  A vampire bat (D:6)
  6 howler monkeys
  3 electric eels (D:8)
  5 crimson imps
  A centaur zombie (D:7)
  A quasit (D:7)
  4 bullfrog skeletons
  5 orc priests
  5 gnoll shamans
  5 hounds
  3 centaur skeletons
  Natasha (thrice) (D:2)
  4 iguanas
  4 orc wizards
  11 worker ants
  49 gnolls
  9 adders
  2 howler monkey skeletons
  6 shadow imps
  An adder zombie (D:6)
  3 adder skeletons
  5 worms
  2 dart slugs (D:3)
  6 leopard geckos
  22 orcs
  2 ball pythons (D:2)
  3 bat skeletons (D:6)
  3 bat zombies (D:6)
  5 giant cockroaches
  5 goblins
  15 hobgoblins
  27 jackals
  7 quokkas
  5 bats
  6 frilled lizards
  12 kobolds
  A leopard gecko skeleton (D:5)
  11 rats
331 creatures vanquished.

Vanquished Creatures (others)
  A slave (D:8)
  A plant (D:9)
2 creatures vanquished.

Grand Total: 333 creatures vanquished

Notes
Turn   | Place    | Note
-------+----------+-------------------------------------------
     0 | D:1      | feeb the Minotaur Fighter began the quest for the Orb.
     0 | D:1      | Reached XP level 1. HP: 19/19 MP: 0/0
   342 | D:1      | Reached XP level 2. HP: 27/27 MP: 1/1
  1042 | D:2      | Found a bloodstained altar of Trog.
  1130 | D:2      | Noticed Natasha
  1135 | D:2      | Noticed a crimson imp
  1136 | D:2      | Killed Natasha
  1136 | D:2      | Reached skill level 3 in Axes
  1136 | D:2      | Reached XP level 3. HP: 27/33 MP: 2/2
  1207 | D:2      | Noticed Natasha
  1216 | D:2      | Killed Natasha
  1216 | D:2      | Reached XP level 4. HP: 22/40 MP: 3/3
  1383 | D:2      | Noticed Natasha
  1388 | D:2      | Killed Natasha
  1909 | D:3      | Reached skill level 4 in Axes
  1909 | D:3      | Reached XP level 5. HP: 45/47 MP: 4/4
  1919 | D:3      | Noticed MondaySad's ghost (amateur SpEn)
  2148 | D:4      | Reached skill level 5 in Fighting
  2148 | D:4      | Reached skill level 5 in Armour
  2158 | D:4      | Reached skill level 5 in Axes
  2158 | D:4      | Reached XP level 6. HP: 10/56 MP: 5/5
  2772 | D:4      | Reached skill level 6 in Axes
  2902 | D:4      | Got a vibrating sapphire amulet
  2903 | D:4      | Identified the amulet of Lesser Demons {RegenMP Str+2 Int+6} (You found it on level 4 of the Dungeon)
  3019 | D:4      | Reached XP level 7. HP: 39/61 MP: 6/6
  3040 | D:4      | Found a staircase to the Ecumenical Temple.
  3050 | Temple   | Entered the Ecumenical Temple
  3678 | D:4      | Reached skill level 7 in Axes
  3970 | D:4      | Reached XP level 8. HP: 71/71 MP: 7/7
  4046 | D:4      | Reached skill level 8 in Axes
  4946 | D:3      | Killed MondaySad's ghost
  4946 | D:3      | Reached skill level 9 in Axes
  5264 | D:3      | Found a hazy altar of Hepliaklqana.
  5456 | D:5      | Entered Level 5 of the Dungeon
  6209 | D:5      | Reached XP level 9. HP: 82/82 MP: 8/8
  6368 | D:6      | Reached skill level 10 in Axes
  6736 | D:6      | Found an ancient bone altar of Kikubaaqudgha.
  6835 | D:6      | Found a sacrificial altar of Ru.
  6835 | D:6      | Found a shadowy altar of Dithmenos.
  7108 | D:7      | Noticed Duvessa
  7116 | D:7      | Noticed Dowan
  7184 | D:7      | Killed Dowan
  7193 | D:7      | Killed Duvessa
  7359 | D:7      | Found a snail-covered altar of Cheibriados.
  7385 | D:7      | Reached skill level 11 in Axes
  7524 | D:7      | Found a stormy altar of Qazlal.
  7528 | D:7      | Found a deep blue altar of Sif Muna.
  7532 | D:7      | Became a worshipper of Qazlal Stormbringer
  8220 | D:8      | Noticed a two-headed ogre
  8232 | D:8      | Noticed a two-headed ogre
  8339 | D:7      | Killed a two-headed ogre
  8339 | D:7      | Reached skill level 10 in Fighting
  8339 | D:7      | Reached skill level 12 in Axes
  8339 | D:7      | Reached XP level 10. HP: 33/93 MP: 9/9
  8618 | D:8      | Killed a two-headed ogre
  8737 | D:8      | Noticed Erica
  8756 | D:8      | Killed Erica
  9096 | D:8      | Reached skill level 13 in Axes
  9495 | D:8      | Reached * piety under Qazlal
  9646 | D:8      | Noticed Pikel
  9657 | D:8      | Killed Pikel
 10009 | D:8      | Reached XP level 11. HP: 103/104 MP: 10/10
 10493 | D:9      | Noticed endorz's ghost (novice TrMo)
 10503 | D:9      | Killed endorz's ghost
 10503 | D:9      | Reached skill level 10 in Armour
 10554 | D:9      | Got a faintly humming robe
 10565 | D:9      | Identified the cursed +0 robe "Vyavyt" {Dex+4} (You found it on level 9 of the Dungeon)
 10749 | D:9      | Found a blossoming altar of Fedhas.
 10817 | D:9      | Reached skill level 14 in Axes
 10983 | D:9      | Reached ** piety under Qazlal
 10987 | D:9      | Found a staircase to the Lair.
 11298 | D:10     | Entered Level 10 of the Dungeon
 11327 | D:10     | Noticed a two-headed ogre
 11341 | D:10     | Killed an unseen horror
 11351 | D:10     | Killed a two-headed ogre
 11609 | D:10     | Noticed Grum
 11618 | D:10     | Noticed Sonja
 11750 | D:10     | Killed Grum
 11774 | D:10     | HP: 3/106 [Sonja/uncursed dagger of distortion (5)]
 11779 | D:10     | HP: 4/106 [Sonja/uncursed dagger of distortion (1)]
 11780 | D:10     | Mangled by Sonja

Skill      XL: |  1  2  3  4  5  6  7  8  9 10 11 |
---------------+----------------------------------+-----
Shields        | 4 |  4.4
Armour         | 4 5 6 7 8 9 10 | 10.2
Fighting       | 4 5 6 8 10 11 12 | 12.8
Axes           | 3 4 5 6 7 9 12 13 14 | 14.5

Action                   |  1- 3 |  4- 6 |  7- 9 | 10-12 || total
-------------------------+-------+-------+-------+-------++-------
Melee: War axe           |    57 |   171 |   461 |   273 ||   962
       Headbutt          |    11 |    18 |   104 |    59 ||   192
  Use: Scroll            |     6 |     4 |     5 |     1 ||    16
       Potion            |       |     4 |     7 |     1 ||    12
  Eat: Chunk             |     1 |     6 |    11 |     9 ||    27
       Fruit             |       |       |     1 |     3 ||     4
       Meat ration       |       |       |     1 |       ||     1
Armor: Scale mail        |    16 |    86 |   210 |    73 ||   385
       Chain mail        |       |       |       |    70 ||    70
Dodge: Dodged            |    22 |    61 |   123 |   112 ||   318
Block: Shield            |    22 |    76 |   227 |   153 ||   478
